 Dungeon Crawl Stone Soup version 0.29.0-13-gc9e81de378 (webtiles) character file.

Game seed: 7540689393207597132

46 Ashen the Chiller (level 3, 0/26 HPs)
             Began as a Demonspawn Ice Elementalist on Sept 11, 2022.
             Frozen to death by an endoplasm (5 damage)
             ... on level 2 of the Dungeon.
             The game lasted 00:02:41 (1734 turns).

Ashen the Chiller (Demonspawn Ice Elementalist)     Turns: 1734, Time: 00:02:42

Health: 0/26       AC:  3    Str:  8    XL:     3   Next: 44%
Magic:  0/6        EV: 11    Int: 18    God:
Gold:   35         SH:  0    Dex: 13    Spells: 5/6 levels left

rFire   . . .      SeeInvis .   (no weapon)
rCold   . . .      Faith    .   (no shield)
rNeg    . . .      Spirit   .   c - +0 leather armour
rPois   .          Reflect  .   (no helmet)
rElec   .          Harm     .   (no cloak)
rCorr   .          Rampage  .   (no gloves)
Will    .....                   (no boots)
Stlth   ++........              (no amulet)
HPRegen 0.08/turn               (no ring)
MPRegen 0.10/turn               (no ring)

@: hasted, very quick
A: demonic guardian 1
a: no special abilities


You were on level 2 of the Dungeon.
You visited 1 branch of the dungeon, and saw 2 of its levels.

You collected 35 gold pieces.

Inventory:

Armour
 c - a +0 leather armour (worn)
Scrolls
 d - a scroll of vulnerability {unknown}
 e - a scroll of blinking {unknown}
Potions
 a - a potion of heal wounds {unknown}
 b - a potion of magic


   Skills:
 + Level 1.1 Fighting
 + Level 2.1 Dodging
 + Level 2.3 Stealth
 + Level 2.4 Spellcasting
 + Level 3.9 Ice Magic


You had 5 spell levels left.
You knew the following spells:

 Your Spells              Type           Power      Damage    Failure   Level
a - Freeze                Ice            64%        1d8       4%          1

Your spell library contained the following spells:

 Spells                   Type           Power      Damage    Failure   Level
 Frozen Ramparts          Ice            32%        1d5       16%         3
 Ozocubu's Armour         Ice            16%        N/A       16%         3
 Conjure Flame            Conj/Fire      2%         6-21      58%         3
 Ignite Poison            Fire/Tmut/Pois 2%         N/A       58%         3
 Hailstorm                Conj/Ice       9%         3d4       75%         4
 Sticky Flame             Conj/Fire      2%         2d3       94%         4


Dungeon Overview and Level Annotations

Branches:
Dungeon (2/15)

Altars:


Innate Abilities, Weirdness & Mutations

A weak demonic guardian rushes to your aid.


Message History

You feel sick.
Casting: Freeze (safe; 4% risk of failure)
Confirm with . or Enter, or press ? or * to list all spells.
Aiming: Freeze (safe; 4% risk of failure)
Press: ? - help, Shift-Dir - straight line, f - endoplasm
Aim: an endoplasm You freeze the endoplasm.
The endoplasm is moderately wounded.
You feel sick.
The endoplasm hits you but does no damage.
Unknown command.
Casting: Freeze (safe; 4% risk of failure)
Confirm with . or Enter, or press ? or * to list all spells.
Aiming: Freeze (safe; 4% risk of failure)
Press: ? - help, Shift-Dir - straight line, f/p - endoplasm
Aim: an endoplasm (moderately wounded)
You freeze the endoplasm.
The endoplasm is heavily wounded.
You feel sick. The endoplasm closely misses you.
You feel sick. The endoplasm attacks as you move away!
The endoplasm hits you but does no damage.
You feel sick.
Your magical contamination has completely faded away.
The endoplasm attacks as you move away! The endoplasm hits you.
You feel sick.
You feel sick.
Casting: Freeze (safe; 4% risk of failure)
Confirm with . or Enter, or press ? or * to list all spells.
Aiming: Freeze (safe; 4% risk of failure)
Press: ? - help, Shift-Dir - straight line, f/p - endoplasm
Aim: an endoplasm (heavily wounded)
You freeze the endoplasm.
The endoplasm is almost dead.
You feel sick.
You are no longer poisoned.
The endoplasm barely misses you.
It was a potion of haste.
You feel yourself speed up. The endoplasm freezes you.
You are frozen.
You die...

..#####.......### ..#
###........ #.#
##...###### #.###..###
#########.##..##
....#........###
...............#
............##.####
..?.........@J....<#
..............#.##......
.......<.......... ...##
...........†.#......#...
............#........##
...........##......#.
..[.#.....##########
######..### #####.##


You could see an endoplasm.

Vanquished Creatures
  An adder (D:2)
  A dart slug (D:1)
  5 ball pythons
  3 bats (D:1)
  2 endoplasms
  3 giant cockroaches (D:1)
  5 hobgoblins (D:1)
  3 kobolds (D:1)
  A quokka (D:1)
  3 frilled lizards (D:1)
  5 rats
32 creatures vanquished.

Vanquished Creatures (collateral kills)
  A dart slug (D:1)
1 creature vanquished.

Grand Total: 33 creatures vanquished

Notes
Turn   | Place    | Note
-------+----------+-------------------------------------------
     0 | D:1      | Ashen the Demonspawn Ice Elementalist began the quest for
                  | the Orb.
     0 | D:1      | Reached XP level 1. HP: 13/13 MP: 3/3
   444 | D:1      | Gained mutation: A weak demonic guardian rushes to your
                  | aid. [demonic ancestry]
   444 | D:1      | Reached XP level 2. HP: 11/20 MP: 0/5
  1330 | D:1      | Reached skill level 1 in Fighting
  1330 | D:1      | Reached XP level 3. HP: 25/26 MP: 1/6
  1734 | D:2      | Frozen to death by an endoplasm

Illustrated notes

Levels and vault maps discovered:
D:1:      onia_arrival_handbag, layout_basic
D:2:      layout_rooms, minmay_misc_feat_columns

Skill      XL: |  1  2 |
---------------+-------+-----
Stealth        | 2 |  2.3
Dodging        | 2 |  2.1
Fighting       | 1 |  1.1
Spellcasting   | |  2.4
Ice Magic      | |  3.9

Action                   || total
-------------------------++-------
Melee: Unarmed           ||    17
 Cast: Freeze            ||    56
  Use: Potion            ||     1
 Stab: Sleeping          ||     1
Armor: Leather armour    ||    27
       Robe              ||     2
Dodge: Dodged            ||    54
